 Dungeon Crawl Stone Soup version 0.28-a0-1616-g050a50673c (webtiles) character file.

Game seed: 10515680906841685189

247 a3don the Stinger (level 5, -1/35 HPs)
             Began as a Demonspawn Venom Mage on Jan 22, 2022.
             Slain by a gnoll (6 damage)
             ... on level 5 of the Dungeon.
             The game lasted 00:07:58 (4498 turns).

a3don the Stinger (Demonspawn Venom Mage)           Turns: 4498, Time: 00:07:59

Health: -1/35      AC:  5    Str:  9    XL:     5   Next: 85%
Magic:  3/9        EV: 12    Int: 18    God:
Gold:   103        SH:  0    Dex: 13    Spells: 7/10 levels left

rFire   . . .      SeeInvis .   c - +0 hand axe
rCold   . . .      Faith    .   (no shield)
rNeg    . . .      Spirit   .   a - +0 robe
rPois   .          Reflect  .   j - +0 helmet
rElec   .          Harm     .   (no cloak)
rCorr   .          Rampage  .   (no gloves)
Will    .....                   (no boots)
Stlth   ++........              (no amulet)
HPRegen 0.11/turn               (no ring)
MPRegen 0.22/turn               (no ring)

@: no status effects
A: ignite blood 1, magic regeneration, sharp scales 2
a: no special abilities


You were on level 5 of the Dungeon.
You visited 1 branch of the dungeon, and saw 5 of its levels.

You collected 103 gold pieces.

Inventory:

Hand Weapons
 c - a +0 hand axe (weapon)
 n - a +2 dagger of venom
 p - a +0 hunting sling
Missiles
 b - 70 stones
 q - 3 boomerangs
 s - 20 sling bullets
Armour
 a - a +0 robe (worn)
 j - a +0 helmet (worn)
Jewellery
 k - an amulet of guardian spirit
Wands
 t - a wand of polymorph (3)
Scrolls
 d - 2 scrolls of blinking {unknown}
 e - 3 scrolls of identify {unknown}
 i - 2 scrolls of teleportation {unknown}
 o - a scroll of magic mapping {unknown}
Potions
 f - a potion of haste {unknown}
 g - 2 potions of degeneration {unknown}
 h - a potion of curing {unknown}
 l - 2 potions of cancellation {unknown}
 m - a potion of might {unknown}
 r - a potion of flight {unknown}
 u - 2 potions of ambrosia {unknown}


   Skills:
 + Level 2.9 Dodging
 + Level 3.1 Stealth
 + Level 3.0 Spellcasting
 + Level 2.3 Transmutations
 + Level 4.0 Poison Magic


You had 7 spell levels left.
You knew the following spells:

 Your Spells              Type           Power      Damage    Failure   Level
a - Sting                 Tmut/Pois      56%        1d5       4%          1
b - Poisonous Vapours     Pois/Air       20%        N/A       11%         2

Your spell library contained the following spells:

 Spells                   Type           Power      Damage    Failure   Level
 Mephitic Cloud           Conj/Pois/Air  7%         N/A       28%         3
 Olgreb's Toxic Radiance  Pois           17%        N/A       30%         4


Dungeon Overview and Level Annotations

Branches:
Dungeon (4/15)
 Temple: D:4-7

Altars:

Shops:
D:1 [

Annotations:
D:4 Ijyb


Innate Abilities, Weirdness & Mutations

Your demonic aura sometimes causes spilled blood to erupt in flames.
You regenerate magic rapidly.
You are mostly covered in razor-sharp scales. (AC +2, Slay +2)


Message History

You are very lightly contaminated with residual magic.
Nothing appears to happen.
The gnoll closely misses you.
A gnoll comes into view. It is wielding a +0 flail.
Casting: Sting (safe; 4% risk of failure)
Confirm with . or Enter, or press ? or * to list all spells.
Aiming: Sting (safe; 4% risk of failure)
Press: ? - help, Shift-Dir - straight line, f/p - gnoll
Aim: a gnoll, wielding a +0 spear (lightly wounded, poisoned, 75% to hit)
The sting misses the gnoll.
The gnoll hits you from afar with a +0 spear!
Unknown command.
Casting: Sting (safe; 4% risk of failure)
Confirm with . or Enter, or press ? or * to list all spells.
Aiming: Poisonous Vapours (safe; 11% risk of failure)
Press: ? - help, Dir - move target, f/p - gnoll
Aim: a gnoll, wielding a +0 spear (heavily wounded, poisoned) Poisonous vapours surround the gnoll!
The gnoll looks even sicker.
The gnoll hits you but does no damage.
You kill the gnoll!
Your magical contamination has completely faded away.
Your Poison Magic skill increases to level 4!
You closely miss the gnoll. The gnoll closely misses you.
Casting: Poisonous Vapours (safe; 11% risk of failure)
Confirm with . or Enter, or press ? or * to list all spells.
Aiming: Sting (safe; 4% risk of failure)
Press: ? - help, Shift-Dir - straight line, f - gnoll
Aim: a gnoll, wielding a +0 flail (75% to hit)
The sting misses the gnoll.
The gnoll hits you with a +0 flail.
Casting: Sting (safe; 4% risk of failure)
Confirm with . or Enter, or press ? or * to list all spells.
Aiming: Sting (safe; 4% risk of failure)
Press: ? - help, Shift-Dir - straight line, f/p - gnoll
Aim: a gnoll, wielding a +0 flail (75% to hit)
The sting hits the gnoll but does no damage.
The gnoll is poisoned.
The gnoll hits you with a +0 flail!
* * * LOW HITPOINT WARNING * * *
You hit the gnoll.
The gnoll is lightly wounded.
The gnoll hits you with a +0 flail.
You die...

..#####. ### #....#.
...##.....#
......(..# #.
......# #. #...# #.
#..## ######.###.#.#
........@g###g......
##.###.###.# #g..###
... ... ..## ####
#### ##


You could see a gnoll (poisoned).

Vanquished Creatures
  Jessica (D:3)
  Natasha (thrice) (D:3)
  Terence (D:3)
  Robin (D:2)
  An adder (D:2)
  2 gnolls (D:5)
  2 worms (D:2)
  2 dart slugs (D:3)
  4 orcs (D:3)
  8 ball pythons
  8 endoplasms
  6 giant cockroaches
  5 goblins (D:2)
  5 hobgoblins
  2 jackals (D:1)
  5 kobolds
  6 quokkas
  A bat (D:3)
  2 frilled lizards (D:1)
  7 rats
72 creatures vanquished.

Notes
Turn   | Place    | Note
-------+----------+-------------------------------------------
     0 | D:1      | a3don the Demonspawn Venom Mage began the quest for the
                  | Orb.
     0 | D:1      | Reached XP level 1. HP: 13/13 MP: 3/3
    39 | D:1      | Found Jovyacsy's Antique Armour Boutique.
   293 | D:1      | Reached skill level 1 in Transmutations
   481 | D:1      | Gained mutation: You are partially covered in razor-sharp
                  | scales. (AC +1, Slay +1) [demonic ancestry]
   481 | D:1      | Reached XP level 2. HP: 19/19 MP: 3/5
  1200 | D:1      | Found a faded altar of an unknown god.
  1282 | D:2      | Gained mutation: You regenerate magic rapidly. [demonic
                  | ancestry]
  1282 | D:2      | Reached XP level 3. HP: 23/24 MP: 6/6
  1678 | D:2      | Noticed Robin
  1700 | D:2      | Killed Robin
  2502 | D:2      | Gained mutation: Your demonic aura sometimes causes spilled
                  | blood to erupt in flames. [demonic ancestry]
  2502 | D:2      | Reached XP level 4. HP: 10/30 MP: 7/7
  3092 | D:2      | Learned a level 2 spell: Poisonous Vapours
  3095 | D:3      | Noticed Jessica
  3101 | D:3      | Killed Jessica
  3486 | D:3      | Found Catacuut's Weapon Emporium.
  3526 | D:3      | Noticed Natasha
  3540 | D:3      | Killed Natasha
  3556 | D:3      | Gained mutation: You are mostly covered in razor-sharp
                  | scales. (AC +2, Slay +2) [demonic ancestry]
  3556 | D:3      | Reached XP level 5. HP: 25/35 MP: 9/9
  4026 | D:3      | Noticed Terence
  4035 | D:3      | Killed Terence
  4285 | D:3      | Noticed Natasha
  4299 | D:3      | Killed Natasha
  4395 | D:3      | Noticed Natasha
  4410 | D:3      | Killed Natasha
  4478 | D:4      | Noticed Ijyb
  4478 | D:4      | You fall into a shaft and drop 1 floor!
  4478 | D:5      | Entered Level 5 of the Dungeon
  4495 | D:5      | Reached skill level 4 in Poison Magic
  4498 | D:5      | Slain by a gnoll

Illustrated notes

Levels and vault maps discovered:
D:1:      dpeg_arrival_lava_temple_mockup, layout_rooms,
          ebering_ecumenical_altar_abandoned, serial_shops,
          nicolae_shop_statue_plus, hex_tiny
D:2:      layout_basic, uniq_robin
D:3:      layout_basic, serial_shops, nicolae_diamond_shop, uniq_jessica,
          uniq_terence, uniq_natasha
D:4:      layout_basic, elyvilon_altar_1, grunt_decor_clamped, uniq_sigmund,
          uniq_ijyb, uniq_eustachio, uniq_grinder
D:5:      layout_loops_ring, grunt_temple_overflow_cloverleaf,
          kennysheep_generic_room_12

Skill      XL: |  1  2  3  4  5 |
---------------+----------------+-----
Transmutations | 1 2 |  2.3
Stealth        | 2 3 |  3.1
Dodging        | 2 |  2.9
Spellcasting   | 3 |  3.0
Poison Magic   | 4 |  4.0

Action                   |  1- 3 |  4- 6 || total
-------------------------+-------+-------++-------
Melee: Unarmed           |    11 |    10 ||    21
       Hand axe          |    88 |    57 ||   145
       Punch             |     1 |       ||     1
 Cast: Sting             |    35 |    34 ||    69
       Poisonous Vapours |       |     5 ||     5
 Stab: Sleeping          |     5 |     2 ||     7
Armor: Robe              |    31 |    14 ||    45
       Skin              |       |     3 ||     3
Dodge: Dodged            |    83 |    53 ||   136

Table legend: (Time is in decaauts)
 A = Elapsed time spent in this place.
 B = Non-inter-level travel time spent in this place.
 C = Inter-level travel time spent in this place.
 D = Time resting spent in this place.
 E = Time spent auto-exploring this place.
 F = Levels seen in this place.
 G = Mean time per level.
                   A        B        C        D        E       F      G
               +--------+--------+--------+--------+--------+-----+--------+
         Total |   4538 |   4416 |    122 |   1709 |   2071 |   5 |  907.6 |
       Dungeon |   4538 |   4416 |    122 |   1709 |   2071 |   5 |  907.6 |
               +--------+--------+--------+--------+--------+-----+--------+

Top non-repeatable levels by time:
     D:2: 1833 daAuts
     D:3: 1401 daAuts
     D:1: 1282 daAuts
     D:5: 20 daAuts
